 Dungeon Crawl Stone Soup version 0.30-a0-782-ge64f9170bb (webtiles) character file.

Game seed: 441107908801419896

240155 senseless the Hoplite (level 18, -29/130 (171) HPs)
             Began as a Minotaur Fighter on Feb 25, 2023.
             Was the Champion of Cheibriados.
             Killed from afar by Mara (illusionary) (48 damage)
             ... with a bolt of fire
             ... on level 4 of the Swamp on Feb 27, 2023.
             The game lasted 01:41:51 (36579 turns).

senseless the Hoplite (Minotaur Fighter)           Turns: 36579, Time: 01:41:51

HP:   -29/130 (171) AC: 26    Str: 42    XL:     18   Next: 61%
MP:   0/17          EV: 28    Int: 24    God:    Cheibriados [******]
Gold: 2275          SH: 21    Dex: 25    Spells: 16/17 levels left

rFire   . . .      SeeInvis .    b - +4 demon blade (flame)
rCold   . . .      Faith    .    B - +2 kite shield
rNeg    + . .      Spirit   +    G - +2 pearl dragon scales
rPois   +          Reflect  .    u - +2 hat {Will+}
rElec   .          Harm     .    k - scarf {repulsion}
rCorr   +          Rampage  .    V - +1 pair of gloves of Gipae {rCorr}
Will    ++...                    U - +2 pair of boots {Stlth+}
Stlth   ++++                     Q - amulet of guardian spirit
HPRegen 0.41/turn                I - ring of poison resistance
MPRegen 0.15/turn                N - +5 ring of evasion

@: about to teleport, studying Ice Magic, heavily drained, repel missiles, very
slow
A: horns 2, retaliatory headbutt, camouflage 1, clever 1
}: 2/15 runes: decaying, serpentine
a: Renounce Religion, Bend Time, Temporal Distortion, Slouch, Step From Time


You were on level 4 of the Swamp.
You worshipped Cheibriados.
Cheibriados was exalted by your worship.
You visited 6 branches of the dungeon, and saw 31 of its levels.
You also visited: Bailey and Gauntlet.

You collected 3627 gold pieces.
You spent 1352 gold pieces at shops.

Inventory:

Hand Weapons
 a - a +7 scimitar of protection
 b - a +4 demon blade of flaming (weapon)
 q - the +3 falchion of Sin {freeze, Dex+3}
   (You found it on level 3 of the Snake Pit)

   Dex:       It affects your dexterity (+3).
 D - the +1 falchion of the Sky {flame, rF+}
   (You bought it in a shop on level 1 of the Orcish Mines)

   rF:        It protects you from fire.
Missiles
 g - a throwing net
Armour
 k - a scarf of repulsion (worn)
 m - an orb of light
 u - a +2 hat of willpower (worn)
 B - a +2 kite shield (worn)
 G - +2 pearl dragon scales (worn)
 J - the +3 ring mail of the Protecting Gods {rPois rF+ Stlth+}
   (You found it on level 4 of the Snake Pit)

   rF:        It protects you from fire.
   rPois:     It protects you from poison.
   Stlth:     It makes you more stealthy.
 U - a +2 pair of boots of stealth (worn)
 V - the +1 pair of gloves of Gipae (worn) {rCorr}
   (You found it in a Gauntlet)

   rCorr:     It protects you from acid and corrosion.
Jewellery
 e - an amulet of regeneration
 l - a +4 ring of protection
 I - a ring of poison resistance (left hand)
 L - a ring of wizardry
 N - a +5 ring of evasion (right hand)
 Q - an amulet of guardian spirit (around neck)
Wands
 f - a wand of polymorph (5)
 v - a wand of quicksilver (13)
 w - a wand of charming (22)
 z - a wand of digging (22)
 E - a wand of flame (53)
 T - a wand of mindburst (17)
Scrolls
 n - 3 scrolls of amnesia
 r - 2 scrolls of poison
 s - 4 scrolls of teleportation
 t - 11 scrolls of fog
 x - 7 scrolls of blinking
 y - 2 scrolls of summoning
 K - 2 scrolls of silence
 P - 6 scrolls of fear
Potions
 c - 8 potions of magic
 d - 6 potions of haste
 h - 8 potions of heal wounds
 i - 4 potions of ambrosia
 j - 16 potions of curing
 o - 5 potions of flight
 p - 3 potions of brilliance
 A - 6 potions of berserk rage
 C - 3 potions of resistance
 F - a potion of cancellation
 H - 5 potions of might
 M - 2 potions of invisibility
 S - 6 potions of mutation


   Skills:
 + Level 17.9 Fighting
 + Level 4.2(11.9) Short Blades
 + Level 18.5(18.7) Long Blades
 + Level 14.1 Armour
 + Level 14.8 Dodging
 + Level 6.2 Stealth
 + Level 22.9 Shields
 + Level 0.4 Spellcasting
 + Level 0.1 Invocations


You had 16 spell levels left.
You knew the following spells:

 Your Spells              Type           Power      Damage    Failure   Level
a - Magic Dart            Conj           0%         1d3       26%         1

Your spell library contained the following spells:

 Spells                   Type           Power      Damage    Failure   Level
 Kiss of Death            Conj/Necr      0%         2d5       26%         1
 Blink                    Tloc           0%         N/A       38%         2
 Lesser Beckoning         Tloc           0%         N/A       38%         2
 Momentum Strike          Conj/Tloc      0%         3d8       38%         2
 Searing Ray              Conj           0%         2d4       38%         2
 Confusing Touch          Hex            0%         N/A       63%         3
 Frozen Ramparts          Ice            0%         1d1       63%         3
 Gell's Gravitas          Tloc           0%         N/A       63%         3
 Kindle Blastsparks       Fire/Tloc/Air  0%         2d10      63%         3
 Ozocubu's Armour         Ice            0%         N/A       63%         3
 Stone Arrow              Conj/Erth      0%         3d7       63%         3
 Teleport Other           Tloc           0%         N/A       63%         3
 Tukima's Dance           Hex            0%         N/A       63%         3
 Airstrike                Air            0%         2d(0-16)  95%         4
 Animate Armour           Summ/Erth      0%         N/A       95%         4
 Animate Dead             Necr           0%         N/A       95%         4
 Cause Fear               Hex            0%         N/A       95%         4
 Dispel Undead            Necr           0%         3d6       95%         4
 Fulminant Prism          Conj/Hex       0%         3d5       95%         4
 Ice Form                 Ice/Tmut       0%         N/A       95%         4
 Iskenderun's Mystic Bla  Conj/Tloc      0%         2d3       95%         4
 Manifold Assault         Tloc           0%         N/A       95%         4
 Passage of Golubria      Tloc           0%         N/A       95%         4
 Summon Ice Beast         Ice/Summ       0%         N/A       95%         4
 Summon Lightning Spire   Summ/Air       0%         N/A       95%         4
 Alistair's Intoxication  Tmut/Pois      0%         N/A       100%        5
 Borgnjor's Vile Clutch   Necr/Erth      0%         N/A       100%        5
 Fireball                 Conj/Fire      0%         3d3       100%        5
 Iskenderun's Battlesphe  Conj           0%         2d6       100%        5
 Lee's Rapid Deconstruct  Erth           0%         3d4*      100%        5
 Lightning Bolt           Conj/Air       0%         1d11      100%        5
 Metabolic Englaciation   Hex/Ice        0%         N/A       100%        5
 Summon Forest            Summ/Tloc      0%         N/A       100%        5
 Yara's Violent Unravell  Hex/Tmut       0%         3d3       100%        5
 Conjure Ball Lightning   Conj/Air       0%         3x3d6     100%        6
 Eringya's Noxious Bog    Tmut/Pois      0%         N/A       100%        6
 Simulacrum               Ice/Necr       0%         N/A       100%        6
 Dragon Form              Tmut           0%         N/A       100%        7
 Haunt                    Necr/Summ      0%         N/A       100%        7
 Orb of Destruction       Conj           0%         9d5       100%        7
 Storm Form               Tmut/Air       0%         N/A       100%        7
 Summon Hydra             Summ           0%         N/A       100%        7
 Infestation              Necr           0%         N/A       100%        8
 Lehudib's Crystal Spear  Conj/Erth      0%         10d2      100%        8
 Dragon's Call            Summ           0%         N/A       100%        9


Dungeon Overview and Level Annotations

Branches:
Dungeon (15/15)            Temple (1/1) D:7            Lair (5/5) D:11
  Swamp (4/4) Lair:2        Snake (4/4) Lair:2        Slime (0/5) Lair:5
    Orc (2/2) D:12            Elf (0/3) Orc:2        Vaults (0/5) D:14
 Depths (0/4) D:15         Bailey (visited)         Gauntlet (visited)

Altars:
Cheibriados
Dithmenos
Fedhas
Gozag
Hepliaklqana
Makhleb
Nemelex Xobeh
Qazlal
Ru
Trog
Uskayaw
Wu Jian
Xom
Yredelemnul
Zin

Shops:
D:10 *:*[!   D:12 ([   Orc:1 (:!=(   Orc:2 ([*=   Snake:1 [   Snake:2 (
Snake:3 (

Annotations:
Swamp:4 Mara


Innate Abilities, Weirdness & Mutations

You have a pair of horns on your head.
You reflexively headbutt those who attack you in melee.
Your skin changes colour to match your surroundings (Stealth+).
Your mind is acute. (Int +4, Str/Dex -1)


Message History

The bolt of fire misses you.
You block senseless's illusion's attack.
You block senseless's illusion's attack.
Mara hits you but does no damage. You partially resist.
Senseless's illusion completely misses you.
You furiously retaliate!
You headbutt senseless's illusion!! You block Mara's attack.
Mara blinks!
Senseless's illusion hits you! Mara closely misses you.
Senseless's illusion hits you!
Senseless's illusion attacks as you move away!
Senseless's illusion completely misses you.
You block Mara's attack.
Mara blinks! x2
Mara says, "Thou art lean, ill-favoured, death is in thy neighbourhood!"
You block senseless's illusion's attack.
You closely miss Mara. You headbutt Mara, but do no damage.
Mara is severely wounded.
Mara barely misses you. You block Mara's attack.
Mara blinks!
You hit Mara.
Mara is severely wounded.
You block senseless's illusion's attack.
You block Mara's attack.
Mara says, "Thou art lean, ill-favoured, death is in thy neighbourhood!"
You block Mara's attack.
You slice Mara!! You burn Mara.
You kill Mara!
Mara shimmers and vanishes!
You block senseless's illusion's attack.
Mara barely misses you. Senseless's illusion hits you!
* * * LOW HITPOINT WARNING * * *
Mara blinks!
You block senseless's illusion's attack.
Senseless's illusion hits you!!
* * * LOW HITPOINT WARNING * * *
You completely miss senseless's illusion.
Senseless's illusion is lightly wounded.
As you read the scroll of teleportation, it crumbles to dust.
You feel strangely unstable.
You block senseless's illusion's attack.
Mara gestures at you. The bolt of fire hits you!!!
You die...

~~~~...~~~~~~.♣####...###♣~~
.~~..§♣~.~~~§.♣##.......##♣~
~.~~~...~...§♣##.........##.
.~~~~~~~.^.♣~♣##.........##♣
.~~~~~~R..♣♣~.♣#.?.......##♣
~....§~~...♣♣.♣##.......###~
♣ ♣~~♣♣♣~~.♣♣~~♣#.......#♣♣~
♣♣♣ ♣♣...♣.♣~~##.....##~~~
♣~..@@.§..♣##...##♣.~~
♣~..~...~~.~##.##..§~~
♣♣..~§~~~.....~.~.♣~..
♣~..R~~~..~~♣~♣..[..♣
♣~~..~.~.~~~~..~~.[[.♣
♣~~~~♣.......~.~~~~...
♣♣~.~.~~~.~.........~♣
♣.~~~.~.~.....~.....♣
♣♣~~§~~~...~.~~.~.~♣♣


You could see 2 Maras and senseless's illusion.

Vanquished Creatures
  Rupert (Orc:1)
  Asterion (Snake:4)
  Gastronok (Lair:1)
  Kirke (Lair:3)
  2 thorn hunters (Swamp:4)
  A nagaraja (Snake:3)
  Aizul (Snake:3)
  2 orc warlords
  3 eleionomae
  Nessos (Lair:4)
  6 bunyips
  A minotaur (Gauntlet)
  An ettin (D:13)
  A fire dragon (D:15)
  2 green deaths (Snake:1)
  2 shambling mangroves
  The ghost of bmj180 the Geomancer, a journeyman GrEE of Vehumet (D:12)
  8 salamander tyrants
  2 ice dragons (D:15)
  29 hydras
  3 centaur warriors
  An ogre mage (D:15)
  8 alligators
  2 dancing weapons (D:14)
  17 anacondas
  A death scarab (Gauntlet)
  10 two-headed ogres
  2 tengu warriors
  Erica (D:10)
  8 death yaks
  16 naga warriors
  A boulder beetle (D:6)
  4 orc high priests (Orc:2)
  3 shock serpents
  Sonja (D:10)
  5 naga sharpshooters
  10 skeletal warriors (D:14)
  2 skysharks
  7 salamander mystics
  A spectral death yak (Gauntlet)
  14 naga ritualists
  2 goliath frogs
  3 spriggan druids
  11 swamp dragons
  2 wizards
  2 bog bodies
  6 orc knights
  A harpy (shapeshifter) (D:15)
  A deep elf pyromancer (D:13)
  An oklob plant (Lair:3)
  4 lindwurms (Snake:4)
  4 orc sorcerers (Orc:2)
  17 mana vipers
  25 salamanders
  2 manticores
  A salamander (shapeshifter) (D:11)
  A shining eye (Gauntlet)
  3 ugly things (D:13)
  2 will-o-the-wisps (Swamp:2)
  6 cyclopes
  19 elephants
  45 black mambas
  A black mamba (shapeshifter) (D:13)
  8 naga magi
  An eye of devastation (shapeshifter) (D:14)
  A torpor snail (Lair:2)
  10 guardian serpents
  5 rime drakes
  A gargoyle (D:14)
  A rime drake (shapeshifter) (D:15)
  16 cane toads
  A freezing wraith (D:15)
  A yaktaur (D:15)
  16 komodo dragons
  2 tengu conjurers
  9 trolls
  A queen bee (Gauntlet)
  8 tyrant leeches
  3 polar bears (Lair:5)
  Grinder (D:4)
  33 blink frogs
  A dream sheep (Lair:5)
  15 hornets
  A ynoxinul (Gauntlet)
  4 slime creatures (D:13)
  A shadow (D:10)
  Sigmund (D:4)
  A water elemental (D:14)
  14 spriggans
  A wraith (D:11)
  43 yaks
  3 wyverns
  5 basilisks
  A yak (shapeshifter) (D:15)
  A golden eye (Gauntlet)
  A hog (Lair:3)
  22 vampire mosquitoes
  3 steam dragons (D:8)
  17 swamp worms
  40 nagas
  A warg (Orc:1)
  2 acid dragons
  16 water moccasins
  42 orc warriors
  12 swamp drakes
  An ice beast (D:7)
  11 black bears
  A sky beast (D:8)
  6 ogres
  5 boggarts (Lair:5)
  32 wolves
  5 centaurs
  A phantom (D:6)
  19 bullfrogs
  A gnoll sergeant (D:9)
  A necrophage (D:4)
  3 scorpions
  6 wights
  13 killer bees
  3 howler monkeys (D:11)
  5 electric eels
  Crazy Yiuf (D:4)
  23 orc priests
  A gnoll bouda (D:7)
  6 hounds
  3 iron imps (Gauntlet)
  6 hell rats (Lair:3)
  4 iguanas
  31 orc wizards
  15 gnolls
  13 adders
  5 white imps
  2 ufetubi
  3 worms (D:2)
  2 dart slugs (D:3)
  89 orcs
  5 bats
  9 endoplasms
  7 giant cockroaches
  7 goblins
  6 hobgoblins
  6 jackals
  3 quokkas
  3 training dummies (Snake:3)
  3 ball pythons
  2 frilled lizards (D:2)
  16 kobolds
  4 rats
1097 creatures vanquished.

Vanquished Creatures (others)
  A swamp worm (Swamp:4)
  An orc wizard (Orc:2)
  A bush (Lair:2)
  3 demonic plants (Gauntlet)
  8 foxfires (Swamp:2)
  53 fungi
  124 plants
191 creatures vanquished.

Grand Total: 1288 creatures vanquished

Notes
Turn   | Place    | Note
-------+----------+-------------------------------------------
     0 | D:1      | senseless the Minotaur Fighter began the quest for the Orb.
     0 | D:1      | Reached XP level 1. HP: 19/19 MP: 0/0
   276 | D:1      | Reached XP level 2. HP: 27/27 MP: 1/1
   879 | D:2      | Reached skill level 4 in Shields
   882 | D:2      | Reached XP level 3. HP: 22/33 MP: 2/2
  1604 | D:2      | Reached XP level 4. HP: 33/41 MP: 3/3
  2442 | D:3      | Reached XP level 5. HP: 44/47 MP: 4/4
  2914 | D:4      | Found a blossoming altar of Fedhas.
  2963 | D:4      | Gained mutation: You sometimes lose your temper in combat.
                  | [potion of mutation]
  3013 | D:4      | Noticed Sigmund
  3044 | D:4      | Killed Sigmund
  3045 | D:4      | Reached skill level 5 in Fighting
  3045 | D:4      | Reached skill level 5 in Armour
  3045 | D:4      | Reached skill level 5 in Shields
  3045 | D:4      | Reached XP level 6. HP: 48/56 MP: 5/5
  3249 | D:4      | Noticed Grinder
  3269 | D:4      | Killed Grinder
  3270 | D:4      | Reached skill level 5 in Long Blades
  3270 | D:4      | Reached XP level 7. HP: 39/62 MP: 6/6
  3452 | D:4      | Reached skill level 6 in Shields
  3633 | D:4      | Found a runed translucent door.
  3634 | D:4      | Noticed Crazy Yiuf
  3836 | D:4      | Killed Crazy Yiuf
  3865 | D:5      | Entered Level 5 of the Dungeon
  3978 | D:5      | Reached skill level 1 in Dodging
  4220 | D:5      | Reached XP level 8. HP: 41/71 MP: 7/7
  4328 | D:5      | Found a basalt altar of Yredelemnul.
  4334 | D:5      | Found a hazy altar of Hepliaklqana.
  4877 | D:5      | Found a glowing silver altar of Zin.
  4916 | D:5      | Found an opulent altar of Gozag.
  5204 | D:6      | Found a sparkling altar of Nemelex Xobeh.
  5235 | D:6      | Found a shadowy altar of Dithmenos.
  5349 | D:6      | Found a shimmering altar of Xom.
  5388 | D:6      | Reached skill level 5 in Dodging
  5730 | D:6      | Noticed a boulder beetle
  5755 | D:6      | Killed a boulder beetle
  5756 | D:6      | Reached XP level 9. HP: 28/81 MP: 8/8
  6416 | D:7      | Found a sacrificial altar of Ru.
  6774 | D:7      | Found a staircase to the Ecumenical Temple.
  6782 | Temple   | Entered the Ecumenical Temple
  6789 | Temple   | Became a worshipper of Cheibriados the Contemplative
  6944 | D:8      | Paralysed by a hornet for 2 turns
  7040 | D:8      | Found an ornate altar of the Wu Jian Council.
  7360 | D:8      | Found a stormy altar of Qazlal.
  7921 | D:8      | Reached * piety under Cheibriados
  7971 | D:8      | Lost mutation: You sometimes lose your temper in combat.
                  | [potion of mutation]
  7971 | D:8      | Gained mutation: You are dopey. (Int -2) [potion of
                  | mutation]
  7971 | D:8      | Gained mutation: You are partially covered in iridescent
                  | scales. (AC +2) [potion of mutation]
  7971 | D:8      | Gained mutation: You have hidden genetic potential. [potion
                  | of mutation]
  7971 | D:8      | Gained mutation: You are strong-willed. (Will+) [potion of
                  | mutation]
  8016 | D:8      | Reached XP level 10. HP: 77/90 MP: 9/9
  8630 | D:9      | Noticed a two-headed ogre
  8641 | D:9      | Killed a two-headed ogre
  8763 | D:9      | Lost mutation: You are dopey. (Int -2) [potion of mutation]
  8763 | D:9      | Lost mutation: You have hidden genetic potential. [potion
                  | of mutation]
  8763 | D:9      | Lost mutation: You are strong-willed. (Will+) [potion of
                  | mutation]
  8763 | D:9      | Gained mutation: You are robust. (+10% HP) [potion of
                  | mutation]
  8763 | D:9      | Gained mutation: You passively dampen the noise of your
                  | surroundings. [potion of mutation]
  9214 | D:10     | Entered Level 10 of the Dungeon
  9226 | D:10     | Found Odups's Book Shop.
  9228 | D:10     | Noticed Erica
  9242 | D:10     | Killed Erica
  9243 | D:10     | Reached skill level 7 in Shields
  9246 | D:10     | Found a flagged portal.
  9255 | Bailey   | Entered a bailey
  9260 | Bailey   | Noticed an orc warlord
  9265 | Bailey   | Reached ** piety under Cheibriados
  9334 | Bailey   | Found a runed translucent gate.
  9337 | Bailey   | Found a runed translucent gate.
  9339 | Bailey   | Found a runed translucent gate.
  9539 | Bailey   | HP: 5/102 [orc warlord/+4 executioner's axe (25)]
  9541 | Bailey   | Killed an orc warlord
  9542 | Bailey   | Reached skill level 10 in Fighting
  9542 | Bailey   | Reached skill level 10 in Long Blades
  9542 | Bailey   | Reached skill level 8 in Shields
  9807 | Bailey   | Acquired the +1 hat "Deuhuang" {Will+ Regen+ Int-5}
  9842 | D:10     | Reached XP level 11. HP: 100/108 MP: 10/10
  9860 | D:10     | Noticed a two-headed ogre
  9865 | D:10     | Reached skill level 10 in Armour
  9875 | D:10     | Killed a two-headed ogre
  9875 | D:10     | Reached *** piety under Cheibriados
  9940 | D:10     | Found Suynekau's Distillery.
  9969 | D:10     | Found Xasy's Armour Boutique.
 10251 | D:10     | Noticed Sonja
 10265 | D:10     | Killed Sonja
 10266 | D:10     | Reached skill level 9 in Shields
 10274 | D:10     | Found Ticlaos's Assorted Antiques.
 10285 | D:10     | Bought a scroll of enchant armour for 210 gold pieces
 10304 | D:10     | Found a hide-covered altar of Uskayaw.
 10371 | D:10     | Found Wair's Assorted Antiques.
 10387 | D:10     | Bought a scroll of identify for 60 gold pieces
 10387 | D:10     | Bought a runed falchion for 180 gold pieces
 10387 | D:10     | Bought a scroll labelled JUBIAPR OHAY for 30 gold pieces
 10508 | D:11     | Noticed a two-headed ogre
 10517 | D:11     | Killed a two-headed ogre
 10528 | D:11     | Reached **** piety under Cheibriados
 10724 | D:11     | Noticed a two-headed ogre
 10738 | D:11     | Killed a two-headed ogre
 10825 | D:11     | Lost mutation: You passively dampen the noise of your
                  | surroundings. [potion of mutation]
 10825 | D:11     | Lost mutation: You are partially covered in iridescent
                  | scales. (AC +2) [potion of mutation]
 10825 | D:11     | Lost mutation: You are robust. (+10% HP) [potion of
                  | mutation]
 10825 | D:11     | Gained mutation: Your spells are a little easier to cast,
                  | but a little less powerful. [potion of mutation]
 10825 | D:11     | Gained mutation: Your system is resistant to poisons.
                  | (rPois) [potion of mutation]
 10825 | D:11     | Gained mutation: You are vulnerable to heat. (rF-) [potion
                  | of mutation]
 10959 | D:11     | Found a staircase to the Lair.
 11183 | Lair:1   | Entered Level 1 of the Lair of Beasts
 11279 | Lair:1   | Noticed Gastronok
 11284 | Lair:1   | Reached skill level 10 in Shields
 11300 | Lair:1   | Killed Gastronok
 11344 | Lair:1   | Reached XP level 12. HP: 108/108 MP: 11/11
 11445 | Lair:1   | Reached ***** piety under Cheibriados
 11562 | Lair:1   | Lost mutation: You are vulnerable to heat. (rF-) [potion of
                  | mutation]
 11562 | Lair:1   | Lost mutation: Your system is resistant to poisons. (rPois)
                  | [potion of mutation]
 11562 | Lair:1   | Gained mutation: Your movements are slightly less
                  | encumbered by armour. (ER -2) [potion of mutation]
 11562 | Lair:1   | Gained mutation: You are partially covered in iridescent
                  | scales. (AC +2) [potion of mutation]
 11562 | Lair:1   | Lost mutation: Your spells are a little easier to cast, but
                  | a little less powerful. [potion of mutation]
 11568 | Lair:1   | Reached skill level 10 in Dodging
 11771 | Lair:1   | Reached skill level 11 in Shields
 11776 | Lair:1   | Identified the +1 longbow "Fiotij" {freeze, SInv}
 12072 | D:12     | Reached skill level 1 in Stealth
 12154 | D:12     | Found a gate leading to a gauntlet.
 12163 | Gauntlet | Entered a Gauntlet
 12163 | Gauntlet | Noticed a death scarab
 12163 | Gauntlet | Found a transporter.
 12163 | Gauntlet | Found a transporter.
 12163 | Gauntlet | Found a transporter.
 12164 | Gauntlet | Found a transporter.
 12167 | Gauntlet | Found a transporter.
 12180 | Gauntlet | Found a transporter.
 12186 | Gauntlet | Found a transporter.
 12207 | Gauntlet | Found a transporter.
 12209 | Gauntlet | Found a transporter.
 12221 | Gauntlet | Noticed a green death
 12266 | Gauntlet | Found a transporter.
 12278 | Gauntlet | Found a transporter.
 12302 | Gauntlet | Found a transporter.
 12400 | Gauntlet | Killed a death scarab
 12434 | Gauntlet | Lost mutation: You are partially covered in iridescent
                  | scales. (AC +2) [a shining eye]
 12436 | Gauntlet | Gained mutation: Your body sometimes deteriorates upon
                  | taking damage. [a shining eye]
 12507 | Gauntlet | Noticed a minotaur
 12521 | Gauntlet | Killed a minotaur
 12623 | Gauntlet | Identified the +1 pair of gloves of Gipae {rCorr}
 12672 | D:12     | Found Rouk's Armour Shoppe.
 12672 | D:12     | Found a staircase to the Orcish Mines.
 12673 | D:12     | Found Wite's Weapon Shoppe.
 12673 | D:12     | Noticed a two-headed ogre
 12679 | D:12     | Killed a two-headed ogre
 12724 | D:12     | Noticed a two-headed ogre
 12733 | D:12     | Killed a two-headed ogre
 13043 | D:12     | Found a runed translucent gate.
 13043 | D:12     | Found a runed translucent gate.
 13043 | D:12     | Found a runed translucent gate.
 13045 | D:12     | Noticed bmj180's ghost (journeyman GrEE)
 13089 | D:12     | Killed bmj180's ghost
 13090 | D:12     | Reached skill level 12 in Shields
 13467 | D:13     | Reached XP level 13. HP: 117/117 MP: 12/12
 13485 | D:13     | Reached ****** piety under Cheibriados
 14402 | D:13     | Noticed an ettin
 14429 | D:13     | Killed an ettin
 14522 | D:14     | Reached skill level 15 in Long Blades
 14522 | D:14     | Reached skill level 13 in Shields
 14868 | D:14     | Reached skill level 1 in Short Blades
 15072 | D:14     | Found a gate to the Vaults.
 15975 | D:15     | Entered Level 15 of the Dungeon
 16031 | D:15     | Reached skill level 14 in Shields
 16033 | D:15     | Reached XP level 14. HP: 129/129 MP: 13/13
 16397 | D:15     | Found a staircase to the Depths.
 17585 | Orc:1    | Entered Level 1 of the Orcish Mines
 17606 | Orc:1    | Found a runed translucent door.
 17607 | Orc:1    | Found Ruacher's Antique Weapon Shoppe.
 17617 | Orc:1    | Bought a crystal falchion for 288 gold pieces
 17617 | Orc:1    | Identified the +1 falchion of the Sky {flame, rF+} (You
                  | bought it in a shop on level 1 of the Orcish Mines)
 17711 | Orc:1    | Found Uxoijyok's Book Emporium.
 17855 | Orc:2    | Entered Level 2 of the Orcish Mines
 18133 | Orc:2    | Found a bloodstained altar of Trog.
 18138 | Orc:2    | Noticed Rupert
 18149 | Orc:1    | Found Wifresydus's Weapon Shop.
 18152 | Orc:1    | Found Xyonwumucs's Jewellery Shop.
 18152 | Orc:1    | Found Esmoa's Distillery.
 18210 | Orc:1    | Killed Rupert
 18211 | Orc:1    | Reached skill level 15 in Shields
 18280 | Orc:1    | Lost mutation: Your movements are slightly less encumbered
                  | by armour. (ER -2) [potion of mutation]
 18280 | Orc:1    | Lost mutation: Your body sometimes deteriorates upon taking
                  | damage. [potion of mutation]
 18280 | Orc:1    | Gained mutation: Your skin changes colour to match your
                  | surroundings (Stealth+). [potion of mutation]
 18280 | Orc:1    | Gained mutation: Your mind is acute. (Int +4, Str/Dex -1)
                  | [potion of mutation]
 18658 | Orc:2    | Found a staircase to the Elven Halls.
 19295 | Orc:2    | Noticed an orc warlord
 19629 | Orc:2    | Killed an orc warlord
 19748 | Orc:2    | Reached skill level 16 in Shields
 19874 | Orc:2    | Found Cogojif's Antique Armour Shop.
 19874 | Orc:2    | Found Gicym's Antique Weapon Shop.
 19876 | Orc:2    | Found Wuluskeh's General Store.
 19876 | Orc:2    | Found Gofich's Jewellery Boutique.
 20561 | Lair:2   | You fall into a shaft and drop 2 floors!
 20999 | Lair:4   | Reached XP level 15. HP: 133/138 MP: 14/14
 21168 | Lair:3   | Found the +1 robe of Vines {NoPotionHeal Regen++++}
 21551 | Lair:3   | Noticed Kirke
 21567 | Lair:3   | Killed Kirke
 21721 | Lair:3   | Learned a level 1 spell: Magic Dart
 21805 | Lair:2   | Reached skill level 17 in Shields
 21943 | Lair:2   | Found a staircase to the Swamp.
 22214 | Lair:2   | Found a staircase to the Snake Pit.
 23074 | Lair:4   | Noticed Nessos
 23118 | Lair:4   | Killed Nessos
 23788 | Lair:5   | Entered Level 5 of the Lair of Beasts
 23828 | Lair:5   | Reached skill level 18 in Shields
 23968 | Lair:5   | Reached skill level 15 in Fighting
 24400 | Lair:5   | Reached XP level 16. HP: 143/149 MP: 15/15
 25181 | Lair:5   | Found a staircase to the Slime Pits.
 25619 | Orc:1    | Bought a ring of poison resistance for 280 gold pieces
 25891 | Snake:1  | Entered Level 1 of the Snake Pit
 26555 | Snake:1  | Reached skill level 19 in Shields
 26734 | Snake:1  | Found Nerghis's Antique Armour Boutique.
 26740 | Snake:1  | Bought a glowing scarf for 304 gold pieces
 26882 | Snake:1  | Found a runed translucent door.
 27191 | Snake:1  | Reached skill level 5 in Stealth
 28345 | Snake:2  | Reached skill level 20 in Shields
 28431 | Snake:2  | Found Pashrosko's Antique Weapon Shop.
 29034 | Snake:3  | Found Fuem's Firing Range.
 29106 | Snake:3  | Identified the +3 falchion of Sin {freeze, Dex+3}
 29172 | Snake:3  | Reached XP level 17. HP: 155/158 MP: 16/16
 29229 | Snake:3  | Noticed Aizul
 29248 | Snake:3  | Killed Aizul
 29762 | Snake:4  | Entered Level 4 of the Snake Pit
 30125 | Snake:4  | Noticed Asterion
 30143 | Snake:4  | Killed Asterion
 31071 | Snake:4  | Reached skill level 21 in Shields
 31800 | Snake:4  | Identified the +3 ring mail of the Protecting Gods {rPois
                  | rF+ Stlth+}
 32532 | Snake:4  | Got a serpentine rune of Zot
 32933 | Swamp:1  | Entered Level 1 of the Swamp
 33084 | Swamp:1  | Reached skill level 22 in Shields
 33305 | Swamp:1  | Reached XP level 18. HP: 168/170 MP: 17/17
 34917 | Swamp:4  | Entered Level 4 of the Swamp
 35193 | Swamp:4  | Noticed Mara
 35701 | Swamp:4  | Noticed senseless's illusion
 35711 | Swamp:4  | Noticed senseless's illusion
 36194 | Swamp:4  | Noticed senseless's illusion
 36211 | Swamp:4  | Noticed senseless's illusion
 36509 | Swamp:4  | Got a decaying rune of Zot
 36534 | Swamp:4  | Noticed senseless's illusion
 36579 | Swamp:4  | Killed from afar by Mara (illusionary)

Illustrated notes

Levels and vault maps discovered:
D:1:      lightli_arrival_noodles, layout_basic, minivault_14
D:2:      minmay_razor_zed, layout_basic
D:3:      layout_basic
D:4:      layout_loops_ring, mainiacjoe_overflow_small_starburst,
          minmay_strange_pillars, minmay_manual_mandibuliform, uniq_sigmund,
          uniq_crazy_yiuf_cottage, uniq_grinder
D:5:      layout_loops_corners, pdpol_temple_overflow_zin_treasury_gozag_greed,
          grunt_temple_overflow_open
D:6:      layout_basic, mainiacjoe_overflow_boulevard,
          mainiacjoe_overflow_alcove_2, mainiacjoe_overflow_catwalk
D:7:      layout_basic, nicolae_ru_the_path_less_chosen, temple_green
D:8:      layout_basic, mainiacjoe_overflow_concentric_impassable,
          nzn_wu_jian_contemplation, grunt_ministairs_8
D:9:      layout_basic
D:10:     layout_cave_pools, old_standard_altar, serial_shops, shop, shop, shop,
          nicolae_shop_trees, nicolae_inconvenience_store, enter_bailey_6,
          uniq_sonja, uniq_erica
D:11:     layout_loops_cross, grunt_lair_entry_orc_guard_hut,
          minmay_misc_feat_pillars
D:12:     layout_layer_cave, orc_david_3, ebering_ghost_rock_garden,
          gauntlet_entry_generic
D:13:     layout_loops_ring, kennysheep_island_fort
D:14:     layout_basic, erik_vaults_1, minivault_23
D:15:     grunt_enter_depths_hoard, layout_basic, minivault_25
Temple:   compressed_dpeg_circular_temple
Lair:1:   layout_regular_city, serial_bayou_pond_d, uniq_gastronok
Lair:2:   layout_roguey, swamp_mist, guppyfry_snake_entry_island,
          beast_lair_carwin_5
Lair:3:   layout_regular_city, hellmonk_guarded_unrand_vines,
          grunt_megastairs_4, infiniplex_staircase_pool, uniq_kirke
Lair:4:   layout_hall_layers, grunt_megastairs_2, uniq_nessos
Lair:5:   minmay_lair_end_enchanted_forest, layout_regular_city, slime_entry_1,
          serial_bayou, serial_bayou_shore_b, serial_bayou_lake_a,
          serial_bayou_pond_a, serial_bayou_lagoon_a, serial_bayou_shore_b,
          serial_bayou_pond_d, st_stairs_9, infiniplex_staircase_pool_2,
          lemuel_fruit_tree
Swamp:1:  layout_basic_swamp, evilmike_swamp_ruin_house_1, swamp_pool5
Swamp:2:  layout_falls_marsh, hangedman_swamp_cone, swamp_pool3,
          nicolae_swamp_round_clearing
Swamp:3:  layout_falls_marsh, evilmike_swamp_ruin_house_2, swamp_pool1
Swamp:4:  swamp, layout_basic_swamp, uniq_mara
Snake:1:  cheibrodos_toxic_ritual, layout_basic,
          nicolae_snake_guarding_the_ruins, minmay_shop_star
Snake:2:  layout_onion, serial_shops, shop_statue, grunt_megastairs_3
Snake:3:  layout_honeycomb, nicolae_shop_firing_range, serial_bayou_shore_b,
          uniq_aizul
Snake:4:  snake_pit_salamanders_mu, layout_cave_town, nicolae_snake_squiggles,
          uniq_asterion
Orc:1:    layout_diamond_mine, serial_shops, nicolae_shop_statue_plus,
          nicolae_shop_trees, shop, shop, shop, lightli_church_of_beogh
Orc:2:    st_orc_congregation, layout_diamond_mine, basic_altar, uniq_rupert

Skill      XL: |  1  2  3  4  5  6  7  8  9 10 11 12 13 14 15 16 17 18 |
---------------+-------------------------------------------------------+-----
Shields        | 4 5 6 8 10 12 14 16 18 20 22 | 22.9
Fighting       | 4 5 6 7 8 10 11 13 14 15 16 17 | 17.9
Long Blades    | 3 4 5 7 8 10 12 14 15 16 17 18 | 18.5
Armour         | 4 5 6 7 8 9 10 11 12 13 14 | 14.1
Dodging        | 2 6 8 9 10 11 12 13 14 | 14.8
Stealth        | 1 3 4 5 6 |  6.2
Short Blades   | 2 4 |  4.2
Spellcasting   | |  0.4
Invocations    | |  0.1

Action                     |  1- 3 |  4- 6 |  7- 9 | 10-12 | 13-15 | 16-18 || total
---------------------------+-------+-------+-------+-------+-------+-------++-------
  Melee: Long sword        |    74 |    84 |   278 |    95 |       |       ||   531
         Headbutt          |    10 |    13 |    70 |   136 |   428 |   480 ||  1137
         Scimitar          |       |       |       |   494 |  1309 |  1586 ||  3389
         Rapier            |       |       |       |       |    79 |       ||    79
         Falchion          |       |       |       |       |    82 |    11 ||    93
         Demon blade       |       |       |       |       |       |   124 ||   124
   Cast: Magic Dart        |       |       |       |       |     1 |       ||     1
 Invoke: Slouch            |       |       |       |       |       |     1 ||     1
    Use: Scroll            |     3 |     8 |     9 |    12 |    11 |    11 ||    54
         Potion            |     1 |     2 |     4 |     5 |     3 |     5 ||    20
   Stab: Distracted        |       |       |       |     1 |     4 |     6 ||    11
         Sleeping          |       |       |       |       |    16 |    22 ||    38
 Armour: Scale mail        |    36 |     7 |       |       |       |       ||    43
         Chain mail        |       |    39 |   132 |       |       |       ||   171
         Plate armour      |       |       |    59 |       |       |       ||    59
         Pearl dragon scal |       |       |       |   173 |   432 |   423 ||  1028
  Dodge: Dodged            |    34 |    46 |   192 |   357 |  1242 |  1564 ||  3435
         Repelled          |       |       |     5 |     5 |     9 |    49 ||    68
  Block: Buckler           |    13 |       |       |       |       |       ||    13
         Kite shield       |       |       |       |   455 |  1602 |  1869 ||  3926

Table legend: (Time is in decaauts)
 A = Elapsed time spent in this place.
 B = Non-inter-level travel time spent in this place.
 C = Inter-level travel time spent in this place.
 D = Time resting spent in this place.
 E = Time spent auto-exploring this place.
 F = Levels seen in this place.
 G = Mean time per level.
                   A        B        C        D        E       F      G
               +--------+--------+--------+--------+--------+-----+--------+
         Total |  51451 |  47779 |   3672 |   3474 |  35406 |  33 | 1559.1 |
       Dungeon |  20916 |  19247 |   1669 |    705 |  15706 |  15 | 1394.4 |
        Temple |     16 |     16 |      0 |      0 |      0 |   1 |   16.0 |
          Lair |   9501 |   8800 |    701 |      0 |   6973 |   5 | 1900.2 |
         Swamp |   5300 |   5208 |     92 |    800 |   3154 |   4 | 1325.0 |
     Snake Pit |   9943 |   9422 |    521 |   1567 |   6177 |   4 | 2485.8 |
  Orcish Mines |   4350 |   3664 |    686 |    301 |   2603 |   2 | 2175.0 |
        Bailey |    681 |    681 |      0 |      5 |    486 |   1 |  681.0 |
      Gauntlet |    741 |    741 |      0 |     95 |    306 |   1 |  741.0 |
               +--------+--------+--------+--------+--------+-----+--------+

Top non-repeatable levels by time:
 Snake:4: 3579 daAuts
   Orc:2: 2803 daAuts
 Snake:1: 2451 daAuts
  Lair:5: 2410 daAuts
    D:14: 2335 daAuts
    D:12: 2320 daAuts
    D:15: 2277 daAuts
 Snake:3: 2116 daAuts
  Lair:4: 2091 daAuts
 Swamp:4: 2033 daAuts
    D:13: 1866 daAuts
  Lair:2: 1852 daAuts
 Snake:2: 1795 daAuts
     D:8: 1723 daAuts
  Lair:1: 1690 daAuts
